 Dungeon Crawl Stone Soup version 0.29-a0-885-gb26ba3297d (webtiles) character file.

Game seed: 5018374256389655166

147 frimble the Magician (level 5, -3/37 HPs)
             Began as a Demonspawn Hedge Wizard on July 21, 2022.
             Slain by an iguana (9 damage)
             ... on level 4 of the Dungeon.
             The game lasted 00:06:09 (3832 turns).

frimble the Magician (Demonspawn Hedge Wizard)      Turns: 3832, Time: 00:06:09

Health: -3/37      AC:  3    Str: 10    XL:     5   Next: 7%
Magic:  7/9        EV: 13    Int: 16    God:
Gold:   124        SH:  0    Dex: 16    Spells: 9/10 levels left

rFire   . . .      SeeInvis .   a - +1 short sword (protect)
rCold   . . .      Faith    .   (no shield)
rNeg    . . .      Spirit   .   f - +0 robe
rPois   .          Reflect  .   c - +0 hat
rElec   .          Harm     .   (no cloak)
rCorr   .          Rampage  .   j - +0 pair of gloves
Will    .....                   (no boots)
Stlth   +++.......              (no amulet)
HPRegen 0.12/turn               (no ring)
MPRegen 0.11/turn               (no ring)

@: no status effects
A: thin skeletal structure 1, powered by death 1, hooves 1, subdued magic 1,
noise suppression
a: no special abilities


You were on level 4 of the Dungeon.
You visited 1 branch of the dungeon, and saw 4 of its levels.

You collected 124 gold pieces.

Inventory:

Hand Weapons
 a - a +1 short sword of protection (weapon)
 b - a +0 sling
Armour
 c - a +0 hat (worn)
 f - a +0 robe (worn)
 j - a +0 pair of gloves (worn)
Jewellery
 l - a +6 ring of dexterity
Scrolls
 e - 4 scrolls of vulnerability
 h - a scroll of identify
 i - a scroll of poison
 k - a scroll of torment
Potions
 d - a potion of magic


   Skills:
 - Level 1.0 Fighting
 - Level 3.0 Short Blades
 - Level 1.4 Ranged Weapons
 + Level 2.8 Dodging
 - Level 1.7 Stealth
 - Level 3.0 Spellcasting
 - Level 1.0 Conjurations
 - Level 1.0 Summonings
 - Level 0.8 Translocations


You had 9 spell levels left.
You knew the following spells:

 Your Spells              Type           Power      Damage    Failure   Level
a - Magic Dart            Conj           16%        1d3       10%         1

Your spell library contained the following spells:

 Spells                   Type           Power      Damage    Failure   Level
 Slow                     Hex            4%         N/A       16%         1
 Call Imp                 Summ           4%         N/A       16%         2
 Blink                    Tloc           6%         N/A       17%         2
 Conjure Flame            Conj/Fire      3%         6-21      36%         3
 Mephitic Cloud           Conj/Pois/Air  2%         N/A       38%         3
 Animate Dead             Necr           1%         N/A       86%         4
 Borgnjor's Vile Clutch   Necr/Erth      0%         N/A       99%         5
 Death Channel            Necr           0%         N/A       100%        6


Dungeon Overview and Level Annotations

Branches:
Dungeon (4/15)
 Temple: D:4-7

Altars:
Fedhas
Vehumet

Shops:
D:4 =


Innate Abilities, Weirdness & Mutations

You have a somewhat thin skeletal structure. (Dex +2, Stealth+)
You regenerate a little health from kills.
You have large cloven feet.
Your spells are a little easier to cast, but a little less powerful.
You passively dampen the noise of your surroundings.


Message History

You barely miss the iguana. You kick the iguana, but do no damage.
The iguana is lightly wounded.
The iguana bites you!
You closely miss the iguana.
The iguana is lightly wounded.
The iguana closely misses you.
You barely miss the iguana. You kick the iguana, but do no damage.
The iguana is lightly wounded.
The iguana bites you but does no damage.
Okay, then.
Okay, then.
Unknown command.
You aren't carrying any items that you can evoke.
Okay, then.
Unknown command.
Casting: Magic Dart (safe; 10% risk of failure)
Confirm with . or Enter, or press ? or * to list all spells.
Okay, then.
Unknown command.
Aiming: Magic Dart (safe; 10% risk of failure)
Press: ? - help, Q - select action Shift-Dir - straight line, f - iguana
Aim: an iguana (lightly wounded, 100% to hit)
The magic dart hits the iguana but does no damage.
The iguana is lightly wounded.
The iguana barely misses you.
Aiming: Magic Dart (safe; 10% risk of failure)
Press: ? - help, Q - select action Shift-Dir - straight line, f/p - iguana
Aim: an iguana (lightly wounded, 100% to hit)
The magic dart hits the iguana but does no damage.
The iguana is lightly wounded.
The iguana bites you!
* * * LOW HITPOINT WARNING * * *
Okay, then.
Unknown command.
Okay, then.
Unknown command.
The iguana attacks as you move away! The iguana closely misses you.
Found Gammoy's Jewellery Shoppe.
The iguana attacks as you move away! The iguana bites you!
You die...

..... ########.....
...... .......).....
...... ######......
...... #.....#....
#...#######.#####....
#.....##..# #....
#........## .....
#.l....### .....
#.@...## ....
.∩...<.....#
#.#........#
.....#.....#
.....#.....# ####
#.....# #######


You could see an iguana.

Vanquished Creatures
  An orc priest (D:3)
  6 adders
  2 worms (D:2)
  A dart slug (D:3)
  7 orcs
  4 endoplasms
  2 giant cockroaches
  3 hobgoblins
  4 kobolds
  2 quokkas
  9 ball pythons
  3 bats
  A frilled lizard (D:3)
  A goblin (D:3)
  9 rats
55 creatures vanquished.

Notes
Turn   | Place    | Note
-------+----------+-------------------------------------------
     0 | D:1      | frimble the Demonspawn Hedge Wizard began the quest for the
                  | Orb.
     0 | D:1      | Reached XP level 1. HP: 13/13 MP: 4/4
   645 | D:1      | Found a faded altar of an unknown god.
   652 | D:1      | Reached skill level 1 in Short Blades
   738 | D:1      | Gained mutation: You regenerate a little health from kills.
                  | [demonic ancestry]
   738 | D:1      | Reached XP level 2. HP: 19/19 MP: 6/6
  1111 | D:2      | Reached skill level 1 in Ranged Weapons
  1654 | D:2      | HP: 1/20 [kobold/+1 short sword of protection (3)]
  1657 | D:2      | Reached skill level 1 in Fighting
  2320 | D:2      | Reached XP level 3. HP: 12/26 MP: 7/7
  2977 | D:3      | Found a radiant altar of Vehumet.
  2998 | D:3      | Reached XP level 4. HP: 26/32 MP: 8/8
  3367 | D:3      | Found a blossoming altar of Fedhas.
  3756 | D:4      | Gained mutation: You have a somewhat thin skeletal
                  | structure. (Dex +2, Stealth+) [demonic ancestry]
  3756 | D:4      | Reached XP level 5. HP: 37/37 MP: 9/9
  3823 | D:4      | Gained mutation: You have large cloven feet. [potion of
                  | mutation]
  3823 | D:4      | Gained mutation: Your spells are a little easier to cast,
                  | but a little less powerful. [potion of mutation]
  3823 | D:4      | Gained mutation: You passively dampen the noise of your
                  | surroundings. [potion of mutation]
  3831 | D:4      | Found Gammoy's Jewellery Shoppe.
  3832 | D:4      | Slain by an iguana

Illustrated notes

Levels and vault maps discovered:
D:1:      dpeg_arrival_lava_temple_mockup, layout_basic,
          hellmonk_ecumenical_altar_leap_of_faith
D:2:      layout_loops_ring, minivault_24
D:3:      layout_rooms, mainiacjoe_overflow_alcove_4,
          gammafunk_temple_overflow_wave
D:4:      layout_rooms, serial_shops, nicolae_shop_crystal, shop_coins,
          grunt_ministairs_15

Skill      XL: |  1  2  3  4 |
---------------+-------------+-----
Short Blades   | 1 2 3 |  3.0
Ranged Weapons | 1 |  1.4
Fighting       | 1 |  1.0
Dodging        | 2 |  2.8
Stealth        | |  1.7
Spellcasting   | |  3.0
Conjurations   | |  1.0
Summonings     | |  1.0
Translocations | |  0.8

Action                   |  1- 3 |  4- 6 || total
-------------------------+-------+-------++-------
Melee: Dagger            |    24 |       ||    24
       Short sword       |    82 |    58 ||   140
       Kick              |       |     3 ||     3
 Fire: Sling             |    73 |    33 ||   106
 Cast: Magic Dart        |     8 |     4 ||    12
  Use: Scroll            |     3 |     1 ||     4
       Potion            |     2 |     3 ||     5
 Stab: Sleeping          |       |     1 ||     1
Armor: Robe              |    22 |    18 ||    40
Dodge: Dodged            |    70 |    51 ||   121

Table legend: (Time is in decaauts)
 A = Elapsed time spent in this place.
 B = Non-inter-level travel time spent in this place.
 C = Inter-level travel time spent in this place.
 D = Time resting spent in this place.
 E = Time spent auto-exploring this place.
 F = Levels seen in this place.
 G = Mean time per level.
                   A        B        C        D        E       F      G
               +--------+--------+--------+--------+--------+-----+--------+
         Total |   3856 |   3737 |    119 |     72 |   3067 |   4 |  964.0 |
       Dungeon |   3856 |   3737 |    119 |     72 |   3067 |   4 |  964.0 |
               +--------+--------+--------+--------+--------+-----+--------+

Top non-repeatable levels by time:
     D:2: 1708 daAuts
     D:1: 1041 daAuts
     D:3: 885 daAuts
     D:4: 220 daAuts
